 Dungeon Crawl Stone Soup version 0.24.0-37-gcf1ca852f1 (webtiles) character file.

Game seed: 5522977246906646112, levelgen mode: deterministic

13657 grindst0ne the Markscentaur (level 11, -4/105 HPs)
             Began as a Centaur Hunter on Nov 25, 2019.
             Was a High Priest of Okawaru.
             Slain by a death scarab (9 damage)
             ... in a Gauntlet.
             The game lasted 00:40:12 (14524 turns).

grindst0ne the Markscentaur (Centaur Hunter)       Turns: 14524, Time: 00:40:12

Health: -4/105     AC: 24    Str: 14    XL:     11   Next: 78%
Magic:  11/11      EV:  5    Int: 15    God:    Okawaru [*****.]
Gold:   967        SH:  3    Dex: 14    Spells: 10/10 levels left

rFire    + + .     SeeInvis .   a - +1 shortbow
rCold    . . .     Gourm    .   (shield currently unavailable)
rNeg     . . .     Faith    .   G - +6 scale mail of Classification {rF++ rC-}
rPois    .         Spirit   .   p - +2 helmet
rElec    .         Reflect  +   (no cloak)
rCorr    .         Harm     .   R - +0 pair of gloves
MR       .....     NoTele   +   T - +1 centaur barding {Stlth+}
Stlth    +.........             y - +3 amulet of reflection
HPRegen  0.27/turn              J - +3 ring of protection
MPRegen  0.12/turn              w - ring of protection from cold

@: brilliant, slowed
A: large, hooves 3, deformed body, speed 2, tough skin 3
a: Heroism, Finesse, Renounce Religion


You were in a Gauntlet.
You worshipped Okawaru.
Okawaru was extremely pleased with you.
You were hungry.

You visited 1 branch of the dungeon, and saw 13 of its levels.
You also visited: Gauntlet.

You collected 967 gold pieces.

Inventory:

Hand Weapons
 a - a +1 shortbow (weapon)
 b - a +6 club
 v - a +1 whip of venom
 V - a +0 broad axe
Missiles
 d - 203 arrows (quivered)
Armour
 c - a +0 buckler
 e - the +0 ring mail "Motuopra" {+Inv Str+7 Int-5}
   (You found it on level 5 of the Dungeon)

   It affects your strength (+7).
   It affects your intelligence (-5).
   It lets you turn invisible.
 p - a +2 helmet (worn)
 G - the +6 scale mail of Classification (worn) {rF++ rC-}
   (You found it in a Gauntlet)

   It greatly protects you from fire.
   It makes you vulnerable to cold.
 M - a +0 troll leather armour
 R - a +0 pair of gloves (worn)
 T - a +1 centaur barding of stealth (worn)
 W - +0 steam dragon scales
Jewellery
 u - an uncursed amulet of guardian spirit
 w - a ring of protection from cold (right hand)
 x - a +2 ring of intelligence
 y - a +3 amulet of reflection (around neck)
 C - an uncursed amulet of the gourmand {unknown}
 J - a +3 ring of protection (left hand)
 K - an uncursed amulet of harm {unknown}
 L - an uncursed amulet of the gourmand {unknown}
Wands
 I - a wand of polymorph (19)
Scrolls
 i - a scroll of fear {unknown}
 k - 7 scrolls of remove curse
 l - 5 scrolls of enchant armour
 m - 8 scrolls of teleportation
 q - 2 scrolls of fog
 z - 5 scrolls of magic mapping
 A - a scroll of immolation
 B - 2 scrolls of blinking {unknown}
 E - a scroll of torment {unknown}
 F - 2 scrolls of enchant weapon {unknown}
 Q - a scroll of vulnerability {unknown}
 S - a scroll of amnesia
Potions
 g - a potion of mutation
 h - 2 potions of might
 j - a potion of resistance
 n - a potion of cancellation
 o - a potion of haste {unknown}
 r - 4 potions of flight
 s - 2 potions of curing
 t - 3 potions of heal wounds {unknown}
 H - 3 potions of brilliance
 N - 2 potions of agility {unknown}
 O - a potion of invisibility {unknown}
 P - 3 potions of lignification {unknown}
 U - 2 potions of berserk rage {unknown}
Comestibles
 f - 21 rations


   Skills:
 + Level 12.3 Fighting
 + Level 18.1 Bows
 - Level 1.3 Dodging
 - Level 0.4 Stealth


You had 10 spell levels left.
You didn't know any spells.
Your spell library contained the following spells:

 Spells                   Type           Power        Failure   Level  Hunger
 Animate Skeleton         Necr           N/A          13%         1    ##.....
 Apportation              Tloc           #.....       13%         1    ##.....
 Confusing Touch          Hex            #.....       13%         1    ##.....
 Pain                     Necr           #...         13%         1    ##.....
 Summon Small Mammal      Summ           #...         13%         1    ##.....
 Regeneration             Chrm/Necr      #.........   34%         3    ####...
 Vampiric Draining        Necr           #.........   34%         3    ####...
 Animate Dead             Necr           N/A          69%         4    #####..
 Cause Fear               Hex            #.........   69%         4    #####..
 Silence                  Hex/Air        #.........   92%         5    ######.
 Yara's Violent Unravell  Hex/Tmut       #.........   92%         5    ######.
 Deflect Missiles         Chrm/Air       #.........   100%        6    #######
 Discord                  Hex            #.........   100%        8    #######


Dungeon Overview and Level Annotations

Branches:
Dungeon (13/15)            Temple (0/1) D:7            Lair (0/6) D:10
    Orc (0/2) D:11        Gauntlet (1/1)
 Vaults: D:13-14

Altars:
Cheibriados
Kikubaaqudgha
Makhleb
Okawaru
Ru
Trog
Vehumet
The Shining One

Shops:
D:9 }   D:10 (

Annotations:
Gauntlet 13 transporters, 2 runed translucent doors, exclusion: orange crystal statue


Innate Abilities, Weirdness & Mutations

You have hooves in place of feet.
Armour fits poorly on your strangely shaped body.
You cover ground very quickly.
You have extremely tough skin. (AC +3)


Message History

It was a potion of brilliance.
You feel clever all of a sudden. The death scarab bites you!!
* * * LOW HITPOINT WARNING * * *
The death scarab draws strength from your injuries!
The death scarab bites you.
* * * LOW HITPOINT WARNING * * *
The death scarab drains your vigour!
You feel as though you will be slow longer.
The death scarab draws strength from your injuries!
Okay, then.
You feel better. The death scarab bites you!
* * * LOW HITPOINT WARNING * * *
The death scarab drains your vigour!
You feel as though you will be slow longer.
The death scarab draws strength from your injuries!
The death scarab bites you but does no damage.
It was a potion of magic.
Magic courses through your body. The death scarab bites you!
You die...

###############.#############....
§≈#©...........©...........©#....
#################################
##.4#.###.#..'.©.'..#.#.≈...≈≈..#
##.##.###.#.^'.ZZ'^.#.#Y≈c.≈..≈.#
..#..#.##.#''#+#+#''#.#J≈≈.≈≈.≈.#
#.##.##2#.#..'...+..#.#a.≈...≈.≈#
#.##.##4#.#..'s..+..#.#≈≈.≈.≈..≈#
......#.#.#++#.s@#''#.#.≈.≈≈≈.≈.#
.#.###.##.#..#'''#..#.#..≈...≈≈.#
4##.#####.#......Z..#.#.≈.≈...m.#
.).©![..#.#..$.©=?..#.#.≈."©$≈.)#
#########.###########.###########
.................................
.................................
#################################
.....≈##8# #8# #8# #8# #8# #8# #8


You could see a slime creature, a spectral komodo dragon, a spectral death yak,
a spectral catoblepas, a soldier ant, 2 death scarabs and a sky beast.

Vanquished Creatures
  Josephine (D:13)
  An ugly thing (D:12)
  2 cyclopes
  A komodo dragon (D:10)
  3 trolls
  A raiju (Gauntlet)
  2 hippogriffs
  4 slime creatures (D:13)
  3 shadows
  3 wraiths (D:13)
  10 yaks
  A wyvern (D:9)
  A steam dragon (Gauntlet)
  A hungry ghost (D:12)
  An acid dragon (D:12)
  10 orc warriors
  3 sky beasts
  3 black bears
  3 phantoms
  7 ice beasts
  4 centaurs
  5 ogres
  A big kobold (D:7)
  12 bullfrogs
  A gnoll sergeant (D:7)
  4 jellies
  A water moccasin zombie (D:6)
  2 wyvern skeletons
  4 scorpions
  14 wights
  5 howler monkeys
  7 crimson imps
  A bullfrog zombie (D:6)
  A quasit (D:12)
  A centaur zombie (D:12)
  6 orc priests
  A hound (D:5)
  A gnoll shaman (D:10)
  A centaur skeleton (D:8)
  10 orc wizards
  Jessica (D:2)
  3 iguanas
  3 worker ants
  A hound zombie (D:5)
  A hound skeleton (D:9)
  10 gnolls
  A howler monkey skeleton (D:9)
  11 adders
  3 shadow imps
  5 oozes (D:8)
  3 adder skeletons
  5 worms
  3 dart slugs
  2 leopard geckos
  34 orcs
  4 ball pythons
  4 giant cockroaches
  9 goblins
  5 hobgoblins
  9 jackals
  17 kobolds
  8 quokkas
  6 bats
  5 frilled lizards
  A giant cockroach zombie (D:5)
  A jackal skeleton (D:5)
  A leopard gecko skeleton (D:4)
  2 quokka zombies
  5 rats
306 creatures vanquished.

Vanquished Creatures (others)
  4 demonic plants (Gauntlet)
  A plant (D:10)
5 creatures vanquished.

Grand Total: 311 creatures vanquished

Notes
Turn   | Place    | Note
-------+----------+-------------------------------------------
     0 | D:1      | grindst0ne the Centaur Hunter began the quest for the Orb.
     0 | D:1      | Reached XP level 1. HP: 17/17 MP: 1/1
   265 | D:1      | Reached XP level 2. HP: 13/24 MP: 2/2
   269 | D:1      | Reached skill level 6 in Bows
   914 | D:2      | Reached XP level 3. HP: 18/29 MP: 3/3
  1014 | D:2      | Reached skill level 7 in Bows
  1303 | D:2      | Noticed Jessica
  1306 | D:2      | Killed Jessica
  1306 | D:2      | Reached XP level 4. HP: 35/36 MP: 4/4
  1759 | D:3      | Reached skill level 8 in Bows
  1838 | D:3      | Reached XP level 5. HP: 39/41 MP: 3/5
  1998 | D:3      | Found an iron altar of Okawaru.
  1998 | D:3      | Found a bloodstained altar of Trog.
  2065 | D:3      | Became a worshipper of Warmaster Okawaru
  2572 | D:4      | Reached skill level 9 in Bows
  2885 | D:4      | Noticed an ogre
  2934 | D:4      | Reached XP level 6. HP: 35/48 MP: 6/6
  2971 | D:4      | Reached skill level 10 in Bows
  3351 | D:4      | Found an ancient bone altar of Kikubaaqudgha.
  3603 | D:5      | Entered Level 5 of the Dungeon
  3651 | D:5      | Got a spiked ring mail
  3662 | D:5      | Identified the +0 ring mail "Motuopra" {+Inv Str+7 Int-5}
                  | (You found it on level 5 of the Dungeon)
  3676 | D:5      | Noticed a sky beast
  3733 | D:5      | Killed a sky beast
  3733 | D:5      | Reached * piety under Okawaru
  3814 | D:5      | Noticed a sky beast
  4024 | D:5      | Killed a sky beast
  4024 | D:5      | Reached skill level 11 in Bows
  4024 | D:5      | Reached XP level 7. HP: 28/55 MP: 7/7
  4395 | D:5      | Reached ** piety under Okawaru
  4395 | D:5      | Reached skill level 12 in Bows
  4444 | D:5      | Reached XP level 8. HP: 55/66 MP: 8/8
  5294 | D:6      | Reached skill level 5 in Fighting
  5363 | D:6      | Found a radiant altar of Vehumet.
  5465 | D:6      | Reached skill level 13 in Bows
  5990 | D:6      | Found a burning altar of Makhleb.
  5990 | D:6      | Noticed a green death
  6093 | D:7      | Found a staircase to the Ecumenical Temple.
  6130 | D:7      | Reached *** piety under Okawaru
  6130 | D:7      | Reached XP level 9. HP: 38/78 MP: 9/9
  6447 | D:6      | Received a gift from Okawaru
  6936 | D:7      | Reached skill level 14 in Bows
  7094 | D:7      | Found an iron altar of Okawaru.
  7224 | D:7      | Received a gift from Okawaru
  7599 | D:7      | Found a snail-covered altar of Cheibriados.
  7769 | D:8      | Received a gift from Okawaru
  7814 | D:8      | Found Lekle's Assorted Antiques.
  7926 | D:8      | Reached skill level 15 in Bows
  8006 | D:8      | Reached XP level 10. HP: 90/90 MP: 10/10
  8106 | D:8      | Received a gift from Okawaru
  8741 | D:9      | Found a sacrificial altar of Ru.
  8959 | D:9      | Reached **** piety under Okawaru
  9033 | D:9      | Found a glowing golden altar of the Shining One.
  9318 | D:9      | Found Ziarugarou's Gadget Shoppe.
  9346 | D:10     | Entered Level 10 of the Dungeon
  9352 | D:10     | Found Cileh's Antique Weapon Shoppe.
  9399 | D:10     | Received a gift from Okawaru
  9442 | D:10     | Found a staircase to the Lair.
  9602 | D:10     | Reached skill level 10 in Fighting
  9675 | D:10     | Reached skill level 16 in Bows
  9906 | D:10     | Received a gift from Okawaru
 10303 | D:10     | Found a snail-covered altar of Cheibriados.
 10781 | D:11     | Found a staircase to the Orcish Mines.
 10783 | D:11     | Noticed a cyclops
 10795 | D:11     | Killed a cyclops
 10795 | D:11     | Received a gift from Okawaru
 11157 | D:11     | You fall into a shaft and drop 1 floor!
 11207 | D:12     | Reached XP level 11. HP: 47/101 MP: 11/11
 11511 | D:12     | Received a gift from Okawaru
 11693 | D:12     | Reached ***** piety under Okawaru
 12011 | D:12     | Reached skill level 17 in Bows
 12305 | D:12     | Noticed a green ugly thing
 12337 | D:12     | Killed a green ugly thing
 12337 | D:12     | Received a gift from Okawaru
 13083 | D:13     | Noticed Josephine
 13094 | D:13     | Received a gift from Okawaru
 13123 | D:13     | Killed Josephine
 13372 | D:13     | Received a gift from Okawaru
 13525 | D:13     | Reached skill level 18 in Bows
 13573 | D:13     | Found a gate leading to a gauntlet.
 13577 | D:13     | Noticed a fire crab
 13582 | Gauntlet | Entered a Gauntlet
 13582 | Gauntlet | Found a transporter.
 13592 | Gauntlet | Found a transporter.
 13607 | Gauntlet | Found a transporter.
 13611 | Gauntlet | Noticed a white ugly thing
 13612 | Gauntlet | Found a transporter.
 13624 | Gauntlet | Noticed a glowing orange brain
 13627 | Gauntlet | Found a transporter.
 13646 | Gauntlet | Found a transporter.
 13646 | Gauntlet | Noticed an orange crystal statue
 13658 | Gauntlet | Found a transporter.
 13658 | Gauntlet | Noticed a death drake
 13666 | Gauntlet | Found a transporter.
 13666 | Gauntlet | Found a transporter.
 13683 | Gauntlet | Found a transporter.
 13685 | Gauntlet | Noticed a green death
 13691 | Gauntlet | Found a large runed translucent door.
 13692 | Gauntlet | Found a large runed translucent door.
 13693 | Gauntlet | Found a large runed translucent door.
 13693 | Gauntlet | Found a large runed translucent door.
 13694 | Gauntlet | Found a runed translucent gate.
 13694 | Gauntlet | Noticed a death scarab
 13695 | Gauntlet | Found a transporter.
 13695 | Gauntlet | Found a runed translucent gate.
 13696 | Gauntlet | Found a runed translucent gate.
 13697 | Gauntlet | Found a large runed translucent door.
 13697 | Gauntlet | Found a large runed translucent door.
 13698 | Gauntlet | Found a large runed translucent door.
 13698 | Gauntlet | Noticed a death scarab
 13699 | Gauntlet | Found a large runed translucent door.
 13707 | Gauntlet | Found a transporter.
 13707 | Gauntlet | Noticed a mana viper
 13712 | Gauntlet | a mana viper changed into a jumping spider
 13714 | Gauntlet | Noticed an orb spider
 13714 | Gauntlet | a jumping spider changed into an orb spider
 13722 | Gauntlet | an orb spider changed into a wind drake
 13724 | Gauntlet | Found a transporter.
 13738 | Gauntlet | Found a large runed translucent door.
 13738 | Gauntlet | Noticed a shock serpent
 13738 | Gauntlet | a faun changed into a shock serpent
 13739 | Gauntlet | Found a large runed translucent door.
 13740 | Gauntlet | Found a large runed translucent door.
 13740 | Gauntlet | Found a large runed translucent door.
 13741 | Gauntlet | Found a runed translucent door.
 13742 | Gauntlet | Found a transporter.
 13742 | Gauntlet | a shock serpent changed into an eye of devastation
 13743 | Gauntlet | Found a runed translucent door.
 13744 | Gauntlet | Found a large runed translucent door.
 13744 | Gauntlet | Found a transporter.
 13744 | Gauntlet | Found a large runed translucent door.
 13745 | Gauntlet | Found a large runed translucent door.
 13769 | Gauntlet | Found a transporter.
 13771 | Gauntlet | Found a transporter.
 13852 | Gauntlet | Noticed a death drake
 13852 | Gauntlet | a cyclops changed into a death drake
 13855 | Gauntlet | Noticed a fire crab
 13855 | Gauntlet | a moth of wrath changed into a fire crab
 13859 | Gauntlet | a fire crab changed into a floating eye
 13879 | Gauntlet | Found a large runed translucent door.
 13883 | Gauntlet | Found a transporter.
 14409 | Gauntlet | Got a faintly glowing scale mail
 14420 | Gauntlet | Identified the +6 scale mail of Classification {rF++ rC-}
                  | (You found it in a Gauntlet)
 14432 | Gauntlet | Noticed a wolf spider
 14434 | Gauntlet | Noticed a swamp dragon
 14437 | Gauntlet | a swamp dragon changed into an eye of devastation
 14443 | Gauntlet | Noticed a glowing orange brain
 14443 | Gauntlet | an eye of devastation changed into a glowing orange brain
 14444 | Gauntlet | Noticed a shining eye
 14444 | Gauntlet | a glowing orange brain changed into a shining eye
 14449 | Gauntlet | Noticed a two-headed ogre
 14449 | Gauntlet | a wolf spider changed into a two-headed ogre
 14451 | Gauntlet | a shining eye changed into a moth of wrath
 14455 | Gauntlet | Noticed a shock serpent
 14455 | Gauntlet | a moth of wrath changed into a shock serpent
 14468 | Gauntlet | Noticed a fire crab
 14468 | Gauntlet | a yaktaur changed into a fire crab
 14469 | Gauntlet | a fire crab changed into a yak
 14523 | Gauntlet | HP: 4/105 [death scarab (16)]
 14524 | Gauntlet | Slain by a death scarab

Levels and vault maps discovered:
D:1:      sevenhm_arrival_forest_fort_small_3, layout_rooms, minmay_tripent
D:2:      layout_rooms, uniq_jessica
D:3:      layout_loops_corners, gammafunk_temple_overflow_statue, first_ration,
          moated_statue
D:4:      layout_loops_ring, kiku_gazebo_garden_becter
D:5:      layout_basic
D:6:      layout_basic, makhleb_altar_promises_db, lemuel_doored_altar,
          nicolae_overflow_hidden_temple, minivault_10
D:7:      layout_loops_ring, slow_altar_2, minmay_temple_entry_large_hall,
          okawaru_metal_pillars_1_2
D:8:      layout_cave_pools, serial_shops, shop_fountains,
          hangedman_little_slice_of_home, minmay_misc_feat_tower
D:9:      layout_stronghold, nicolae_ru_awakened_eye, basic_altar, serial_shops,
          kennysheep_mini_moat, corexii_corridor_pit
D:10:     layout_loops_cross, david_lair_shrubbed, serial_shops, shop,
          cheibriados_altar_1
D:11:     layout_stronghold, david_orc_1_choice, basic_altar
D:12:     layout_irregular_city, minivault_22
D:13:     layout_loops_cross, grunt_vaults_entry_fortified,
          gauntlet_entry_generic, uniq_josephine, uniq_urug
Gauntlet: gammafunk_gauntlet_one_two_three [gammafunk_gauntlet_arena_grid,
          gammafunk_gauntlet_arena_split_diamond,
          nicolae_gauntlet_arena_t_cross, nicolae_gauntlet_arena_flowing_pool,
          minmay_gauntlet_arena_make_your_own_arena,
          gammafunk_gauntlet_arena_crates, gammafunk_gauntlet_arena_split_x,
          nicolae_gauntlet_arena_blocks, gammafunk_gauntlet_arena_mazey,
          gauntlet_exit_green]

Skill      XL: |  1  2  3  4  5  6  7  8  9 10 11 |
---------------+----------------------------------+-----
Bows           | 6 7 8 9 11 12 13 15 16 18 | 18.1
Fighting       | 4 6 8 10 12 | 12.3
Dodging        | |  1.3
Stealth        | |  0.4

Action                   |  1- 3 |  4- 6 |  7- 9 | 10-12 || total
-------------------------+-------+-------+-------+-------++-------
Melee: Short sword       |   103 |       |       |       ||   103
       Kick              |    18 |    17 |    48 |     2 ||    85
       Rapier            |     9 |       |       |       ||     9
       Club              |       |   100 |   130 |     7 ||   237
       Shortbow          |       |     3 |       |     1 ||     4
 Fire: Shortbow          |    19 |    66 |   267 |   729 ||  1081
Invok: Heroism           |       |       |       |     3 ||     3
Evoke: Wand              |       |       |     5 |     2 ||     7
  Use: Scroll            |       |     6 |     3 |     5 ||    14
       Potion            |       |     1 |       |     4 ||     5
  Eat: Chunk             |     1 |     5 |     8 |    16 ||    30
       Ration            |       |       |     1 |       ||     1
Armor: Leather armour    |    51 |    48 |       |       ||    99
       Ring mail         |       |    15 |    60 |    45 ||   120
       Scale mail        |       |       |       |     3 ||     3
Dodge: Dodged            |    66 |    61 |    79 |    57 ||   263
Block: Other             |       |     4 |    25 |    14 ||    43
       Reflection        |       |       |     1 |       ||     1
